 Dungeon Crawl Stone Soup version 0.31-a0-1074-g0b22e4e0f1 (webtiles) character file.

Game seed: 16588424300088499650

6 kae the Vexing (level 1, 0/13 HPs)
             Began as a Demonspawn Enchanter on Nov 26, 2023.
             Slain by a frilled lizard (2 damage)
             ... on level 1 of the Dungeon.
             The game lasted 00:00:08 (185 turns).

kae the Vexing (Demonspawn Enchanter)                Turns: 185, Time: 00:00:09

Health: 0/13       AC:  2    Str:  8    XL:     1   Next: 75%
Magic:  3/3        EV: 12    Int: 16    God:
Gold:   18         SH:  0    Dex: 13    Spells: 4/4 levels left

rFire   . . .        a - +1 dagger
rCold   . . .        (no shield)
rNeg    . . .        b - +0 robe
rPois   .            (no helmet)
rElec   .            (no cloak)
rCorr   .            (no gloves)
SInv    .            (no boots)
Will    .....        (no amulet)
Stlth   ++           (no ring)
HPRegen 0.22/turn    (no ring)
MPRegen 0.08/turn

%: no passive effects
@: no status effects
A: no striking features
a: no special abilities


You were on level 1 of the Dungeon.
You visited 1 branch of the dungeon, and saw 1 of its levels.

You collected 18 gold pieces.


   Skills:
 + Level 0.2 Fighting
 * Level 1.1 Short Blades
 + Level 1.8 Dodging
 * Level 2.8 Stealth
 + Level 2.0 Spellcasting
 + Level 3.0 Hexes


You had 4 spell levels left.
You didn't know any spells.
Your spell library contained the following spells:

 Spells                   Type           Power      Damage    Failure   Level
 Ensorcelled Hibernation  Hex/Ice        12%        N/A       17%         2
 Confusing Touch          Hex            11%        N/A       19%         3
 Tukima's Dance           Hex            11%        N/A       19%         3
 Dazzling Flash           Conj/Hex       12%        N/A       32%         3

Inventory:

Hand Weapons
 a - a +1 dagger (weapon)
Armour
 b - a +0 robe (worn)
Potions
 c - 3 potions of invisibility
 d - a potion of lignification {unknown}
 e - a potion of haste {unknown}
 f - a potion of might {unknown}

Dungeon Overview and Level Annotations

Branches:
Dungeon (1/15) Zot: 5815

Altars:

#. ..#.. #.##.#.
#>...#. .....
...... #..#.#
#Jl#.# ... #.@#.#
.... #
#..#.####...
####.#..#.......
.......†..# #.#
#####.....####.#
..............# #
####..........##.#
#.............#
#.########.#######


You could see an endoplasm and a frilled lizard.


Message History

You take 1 damage, and now have 12/13 hp.
A goblin is nearby!
You barely miss the goblin. The goblin misses you.
You barely miss the goblin.
The goblin hits you with a +0 dagger. 😮 HP[-3]
You take 3 damage, and now have 9/13 hp.
MASSIVE DAMAGE!! (PAUSE)
A goblin is nearby!
You are too injured to fight recklessly!
You are too injured to fight recklessly!
A goblin is nearby!
You are too injured to fight recklessly!
You are too injured to fight recklessly!
A goblin is nearby!
You are too injured to fight recklessly!
You are too injured to fight recklessly!
Unknown command.
You hit the goblin. The goblin completely misses you.
You barely miss the goblin.
The goblin hits you but does no damage. 😕 HP[+1]
You hit the goblin.
You kill the goblin!
You see here a +0 dagger.
You see here a +0 dagger.
You now have 9 gold pieces.
Found an escape hatch in the floor. 😎 HP[+3]
Your hp is fully restored (13).
No target in view!
No target in view!
f - an inky potion No target in view!
No target in view!
You see here a ball python corpse.
You see here a +0 war axe.
You now have 18 gold pieces (gained 9).
A bat comes into view.
A bat is nearby!
You barely miss the bat. The bat hits you but does no damage.
The bat hits you but does no damage.
A bat is nearby!
The bat barely misses you. The bat closely misses you.
The bat closely misses you.
A bat is nearby!
You closely miss the bat. The bat closely misses you.
The bat hits you but does no damage.
You miss the bat. The bat hits you but does no damage.
A bat is nearby!
The bat hits you but does no damage.
You hit the bat. The bat hits you. The bat misses you.
The bat completely misses you. 😕 HP[-1]
You take 1 damage, and now have 12/13 hp.
A bat is nearby!
You closely miss the bat. The bat misses you.
You hit the bat.
You kill the bat!
A ball python comes into view. 😎 HP[+1]
Your hp is fully restored (13).
A ball python is nearby!
A ball python is nearby!
A ball python is nearby!
A ball python is nearby!
The helpless ball python fails to defend itself.
You puncture the ball python!
You kill the ball python!
No target in view!
A frilled lizard comes into view.
You see here a ball python corpse.
Found a stone staircase leading down.
The frilled lizard hisses angrily.
An endoplasm comes into view.
There are monsters nearby!
You closely miss the frilled lizard. The frilled lizard barely misses you.
There are monsters nearby!
You hit the frilled lizard but do no damage.
The frilled lizard misses you.
You barely miss the frilled lizard. Your punch misses the frilled lizard.
The frilled lizard bites you. 😕 HP[-1]
You take 1 damage, and now have 12/13 hp.
There are monsters nearby!
You hit the endoplasm. The endoplasm freezes you.
You are frozen.
The frilled lizard barely misses you.
You hit the endoplasm. The endoplasm freezes you.
You are frozen.
* * * LOW HITPOINT WARNING * * *
The frilled lizard barely misses you. 😨 HP[-7]
You take 7 damage, and now have 5/13 hp.
MASSIVE DAMAGE!! (PAUSE)
You hit the endoplasm. The endoplasm freezes you.
You are frozen.
* * * LOW HITPOINT WARNING * * *
The frilled lizard bites you.
You die...

Skill      XL: |  1 |
---------------+----+-----
Short Blades   | 1 |  1.1
Fighting       | |  0.2
Dodging        | |  1.8
Stealth        | |  2.8
Spellcasting   | |  2.0
Hexes          | |  3.0

Action                     || total
---------------------------++-------
  Melee: Dagger            ||    27
   Stab: Sleeping          ||     1
 Armour: Robe              ||    18
  Dodge: Dodged            ||    20

Levels and vault maps discovered:
D:1:      minmay_arrival_three_doors, layout_loops_ring

Notes
Turn   | Place    | Note
-------+----------+-------------------------------------------
     0 | D:1      | kae the Demonspawn Enchanter began the quest for the Orb.
     0 | D:1      | Reached XP level 1. HP: 13/13 MP: 3/3
     0 | D:1      | magus.rc [v1.11.3]
    55 | D:1      | Reached skill level 1 in Short Blades
   185 | D:1      | HP: 2/13 [frozen (3)]
   185 | D:1      | Slain by a frilled lizard

Vanquished Creatures
  2 bats (D:1)
  2 goblins (D:1)
  2 ball pythons (D:1)
6 creatures vanquished.

Table legend:
 A = Non-vault XP
 B = Vault XP
 C = Vault XP percentage of total XP
 D = Non-vault monster count
 E = Vault monster count
 F = Vault count percentage of total count
                 A         B        C        D         E       F
            +---------+---------+-------+---------+---------+-------
      Total |       9 |       0 |   0.0 |       6 |       0 |   0.0
            +---------+---------+-------+---------+---------+-------
        D:1 |       9 |       0 |   0.0 |       6 |       0 |   0.0
            +---------+---------+-------+---------+---------+-------

Skill      XL: |  1 |
---------------+----+-----
Short Blades   | 1 |  1.1
Fighting       | |  0.2
Dodging        | |  1.8
Stealth        | |  2.8
Spellcasting   | |  2.0
Hexes          | |  3.0

Action                     || total
---------------------------++-------
  Melee: Dagger            ||    27
   Stab: Sleeping          ||     1
 Armour: Robe              ||    18
  Dodge: Dodged            ||    20

Illustrated notes

Table legend:
 A = Kills in this place as a percentage of kills in the entire game.
 B = Kills by you in this place as a percentage of kills by you in the entire game.
 C = Kills by friends in this place as a percentage of kills by friends in the entire game.
 D = Other kills in this place as a percentage of other kills in the entire game.
 E = Experience gained in this place as a percentage of experience gained in the entire game.
 F = Experience gained in this place divided by the number of levels of this place that you have seen.
                   A       B       C       D       E      F
               +-------+-------+-------+-------+-------+----------------------
         Total | 100.0 | 100.0 |   N/A |   N/A | 100.0 |   9.0
       Dungeon | 100.0 | 100.0 |   N/A |   N/A | 100.0 |   9.0
               +-------+-------+-------+-------+-------+----------------------

Table legend: (Time is in decaauts)
 A = Elapsed time spent in this place.
 B = Non-inter-level travel time spent in this place.
 C = Inter-level travel time spent in this place.
 D = Time resting spent in this place.
 E = Time spent auto-exploring this place.
 F = Levels seen in this place.
 G = Mean time per level.
                   A        B        C        D        E       F      G
               +--------+--------+--------+--------+--------+-----+--------+
         Total |    183 |    183 |      0 |      0 |    121 |   1 |  183.0 |
       Dungeon |    183 |    183 |      0 |      0 |    121 |   1 |  183.0 |
               +--------+--------+--------+--------+--------+-----+--------+

Top non-repeatable levels by time:
     D:1: 183 daAuts
